 Dungeon Crawl Stone Soup version 0.22-a0-355-g201945f (webtiles) character file.

242 corax the Covert (level 5, -2/26 HPs)
             Began as a Spriggan Assassin on Apr 17, 2018.
             Slain by a worm (10 damage)
             ... on level 4 of the Dungeon.
             The game lasted 00:11:24 (3427 turns).

corax the Covert (Spriggan Assassin)                Turns: 3427, Time: 00:11:24

Health: -2/26      AC:  3    Str:  7    XL:     5   Next: 82%
Magic:  6/6        EV: 19    Int: 12    God:
Gold:   138        SH:  0    Dex: 19    Spells: 4/4 levels left

rFire    . . .     SeeInvis +   a - +2 dagger
rCold    . . .     Gourm    .   (shield restricted)
rNeg     . . .     Faith    .   c - +0 robe
rPois    .         Spirit   .   (helmet restricted)
rElec    .         Reflect  .   d - +0 cloak
rCorr    .         Harm     .   (gloves unavailable)
MR       .....                  (boots unavailable)
Stlth    ++++......             (no amulet)
HPRegen  0.08/turn              (no ring)
MPRegen  0.10/turn              (no ring)

@: very quick
A: very small, unfitting armour, see invisible, herbivore, speed 3, slow
metabolism 2
a: no special abilities


You were on level 4 of the Dungeon.
You were not hungry.

You visited 1 branch of the dungeon, and saw 5 of its levels.

You collected 138 gold pieces.

Inventory:

Hand Weapons
 a - a +2 dagger (weapon)
 b - a +0 blowgun
Missiles
 e - 32 poisoned needles
 f - 2 curare-tipped needles
 h - 122 stones (quivered)
 w - 9 sling bullets
Armour
 c - a +0 robe (worn)
 d - a +0 cloak (worn)
Scrolls
 i - a scroll of enchant weapon {unknown}
 j - 4 scrolls of identify {unknown}
 l - a scroll of amnesia {unknown}
 m - a scroll of teleportation {unknown}
 t - a scroll of magic mapping {unknown}
 v - a scroll of immolation {unknown}
 x - a scroll of random uselessness {unknown}
Potions
 k - a potion of cancellation {unknown}
 n - a potion of flight {unknown}
 o - a potion of mutation {unknown}
 p - 4 potions of lignification {unknown}
 q - a potion of brilliance {unknown}
 r - a potion of degeneration {unknown}
 s - a potion of heal wounds {unknown}
 u - a potion of berserk rage {unknown}
 z - a potion of curing {unknown}
Comestibles
 g - 13 rations


   Skills:
 + Level 2.3 Fighting
 + Level 3.4 Short Blades
 + Level 3.1 Throwing
 + Level 3.1 Dodging
 + Level 8.2 Stealth


You had 4 spell levels left.
You didn't know any spells.

Dungeon Overview and Level Annotations

Branches:
Dungeon (5/15)
 Temple: D:4-7

Altars:
Makhleb
Xom

Annotations:
D:4 VDreamerV's ghost, amateur OpTm
D:5 Blork the orc


Innate Abilities, Weirdness & Mutations

You are very small and have problems with some larger weapons.
You are too small for most types of armour.
You have supernaturally acute eyesight. (SInv)
You are a herbivore.
You cover ground extremely quickly.
You need to consume almost no food.


Message History

The worm is lightly wounded.
The worm misses you.
You hit the worm.
The worm is moderately wounded.
You barely miss the worm.
The worm is moderately wounded.
The worm bites you!
You hit the worm.
The worm is moderately wounded.
You hit the worm.
The worm is heavily wounded.
You hit the worm.
The worm is severely wounded.
The worm bites you.
You hit the worm.
The worm is almost dead.
You hit the worm.
The worm is almost dead.
The worm bites you!
You die...

#. .# #. #####.### ##'#
#...[...# ##...# .
#.......# ##.....# #.#
#.......# #.......
##..#.......####........
......w........'.......<
#..@....# ...?....
#.......# #..W....
#.###.#.# ##.....#
#.......# ##...#
#####.### ### ##'### #.#
#.. ...#.. #.#
#.####.#.# #.# #.#
##.#.# #.#####.###....#


You could see a worm.

Vanquished Creatures
  A howler monkey (D:4)
  A hound (D:4)
  A worker ant (D:5)
  4 adders
  A worm (D:3)
  3 dart slugs
  4 leopard geckos
  8 orcs
  8 bats
  8 giant cockroaches
  8 goblins
  9 hobgoblins
  8 jackals
  A quokka (D:4)
  2 ball pythons (D:1)
  2 frilled lizards (D:1)
  8 kobolds
  A leopard gecko skeleton (D:4)
  10 rats
88 creatures vanquished.

Notes
Turn   | Place    | Note
-------+----------+-------------------------------------------
     0 | D:1      | corax the Spriggan Assassin began the quest for the Orb.
     0 | D:1      | Reached XP level 1. HP: 10/10 MP: 2/2
    29 | D:1      | Reached skill level 6 in Stealth
    80 | D:1      | Reached XP level 2. HP: 14/14 MP: 3/3
   462 | D:1      | Reached skill level 7 in Stealth
   660 | D:1      | Reached XP level 3. HP: 18/18 MP: 4/4
  1252 | D:3      | Reached XP level 4. HP: 14/23 MP: 5/5
  1741 | D:4      | Noticed VDreamerV's ghost (amateur OpTm)
  1854 | D:2      | Found a burning altar of Makhleb.
  1854 | D:2      | Found a shimmering altar of Xom.
  2476 | D:5      | Entered Level 5 of the Dungeon
  2476 | D:5      | Noticed Blork the orc
  2501 | D:5      | Reached skill level 8 in Stealth
  2501 | D:5      | Reached XP level 5. HP: 12/26 MP: 6/6
  3427 | D:4      | Slain by a worm

Vault maps used:
D:1:      doesnt_arrival_eight_statues, minmay_split_cup_large
D:2:      gammafunk_temple_overflow_statue
D:4:      uniq_robin
D:5:      elyvilon_altar_3, first_ration, gup_sewer_entry_pipe, serial_shops,
          nicolae_shop_crystal, shop_statue, interstate_on_off,
          kennysheep_another_room, nemelex_dance_club_becter, uniq_blork_the_orc

Skill      XL: |  1  2  3  4  5 |
---------------+----------------+-----
Stealth        | 6 7 8 |  8.2
Dodging        | 2 3 |  3.1
Fighting       | 2 |  2.3
Short Blades   | 3 |  3.4
Throwing       | 3 |  3.1

Action                   |  1- 3 |  4- 6 || total
-------------------------+-------+-------++-------
Melee: Dagger            |   108 |   187 ||   295
 Fire: Blowgun           |    23 |    17 ||    40
 Stab: Sleeping          |    12 |    15 ||    27
       Distracted        |     1 |       ||     1
Armor: Robe              |    12 |    15 ||    27
Dodge: Dodged            |   101 |   136 ||   237

Table legend:
 A = Spawn XP
 B = Non-spawn XP
 C = Spawn XP percentage of total XP
 D = Spawn monster count
 E = Non-spawn monster count
 F = Spawn count percentage of total count
 G = Total turns spent on level
                    A         B        C        D         E        F      G
               +---------+---------+-------+---------+---------+-------+---------
         Total |       0 |     347 |   0.0 |       0 |      88 |   0.0 |  3427
               +---------+---------+-------+---------+---------+-------+---------
           D:1 |       0 |      52 |   0.0 |       0 |      31 |   0.0 |   869
           D:2 |       0 |      51 |   0.0 |       0 |      20 |   0.0 |   681
           D:3 |       0 |      67 |   0.0 |       0 |      15 |   0.0 |   719
           D:4 |       0 |     140 |   0.0 |       0 |      20 |   0.0 |  1059
           D:5 |       0 |      37 |   0.0 |       0 |       2 |   0.0 |    99
               +---------+---------+-------+---------+---------+-------+---------
